 Dungeon Crawl Stone Soup version 0.29.1-15-g9cfb28693d (webtiles) character file.

Game seed: 909793581925853862

25 Descartes the Ducker (level 2, 0/14 HPs)
             Began as a Felid Monk on Mar 31, 2023.
             Hit by a stone thrown by a kobold (1 damage)
             ... on level 1 of the Dungeon.
             The game lasted 00:01:11 (844 turns).

Descartes the Ducker (Felid Monk)                    Turns: 844, Time: 00:01:12

Health: 0/14       AC:  1    Str:  7    XL:     2   Next: 86%
Magic:  3/3        EV: 19    Int: 11    God:
Gold:   63         SH:  0    Dex: 18    Spells: 1/1 levels left
                                        Lives:  0   Deaths: 0

rFire   . . .      SeeInvis +     - Unarmed
rCold   . . .      Faith    .   (shield unavailable)
rNeg    . . .      Spirit   .   (body armour unavailable)
rPois   .          Reflect  .   (helmet unavailable)
rElec   .          Harm     .   (cloak unavailable)
rCorr   .          Rampage  .   (gloves unavailable)
Will    .....                   (boots unavailable)
Stlth   ++........              (no amulet)
HPRegen 0.04/turn               (no ring)
MPRegen 0.08/turn               (no ring)

@: quick
A: very small, claws 1, fangs 3, see invisible, speed 1, shaggy fur 1, stealthy
paws, no weapons or thrown items, no armour, multi-lived
a: no special abilities


You were on level 1 of the Dungeon.
You visited 1 branch of the dungeon, and saw 1 of its levels.

You collected 63 gold pieces.

Inventory:

Scrolls
 c - a scroll of identify {unknown}
Potions
 a - a potion of ambrosia
 b - a potion of curing {unknown}


   Skills:
 + Level 3.4 Fighting
 + Level 4.5 Dodging
 - Level 2.6 Stealth
 + Level 3.4 Unarmed Combat


You had one spell level left.
You didn't know any spells.
Your spell library contained the following spells:

 Spells                   Type           Power      Damage    Failure   Level
 Scorch                   Fire           0%         2d5       47%         2
 Flame Wave               Conj/Fire      0%         2d4       98%         4
 Summon Cactus Giant      Summ           0%         N/A       100%        6


Dungeon Overview and Level Annotations

Branches:
Dungeon (1/15)

Altars:


Innate Abilities, Weirdness & Mutations

You have sharp claws.
You have razor-sharp teeth.
You have supernaturally acute eyesight. (SInv)
You cover ground quickly. (Speed+)
You are covered in fur. (AC +1)
Your paws help you pounce on unaware monsters.
You are incapable of wielding weapons or throwing items.
You cannot wear armour.
You gain extra lives every three experience levels.


Message History

You barely miss the ball python.
The ball python hisses angrily.
Your bite misses the ball python. The ball python bites you.
The ball python constricts you.
You closely miss the ball python. The ball python bites you.
The ball python constricts you.
You scratch the ball python.
You kill the ball python!
The ball python completely misses you. The ball python misses you.
You scratch the ball python.
You kill the ball python!
A quokka comes into view.
The dart slug launches a dart at you. The slug dart misses you.
A kobold and an endoplasm come into view.
Found a chain mail.
You claw the dart slug! You bite the dart slug.
You kill the dart slug!
Found a small golden amulet and 17 gold pieces.
The kobold shouts!
The quokka misses you.
You see here a dart slug corpse.
You closely miss the quokka. The quokka bites you.
The endoplasm quivers.
You scratch the quokka.
The quokka is severely wounded.
The quokka barely misses you. The quokka closely misses you.
You miss the quokka.
The quokka is severely wounded.
An endoplasm comes into view.
The quokka bites you.
* * * LOW HITPOINT WARNING * * *
You scratch the quokka.
You kill the quokka!
The kobold hits you with a +0 dagger.
* * * LOW HITPOINT WARNING * * *
Unknown command.
The kobold throws a stone.
The stone misses you.
The kobold throws a stone.
The stone hits you.
You die...

######### #.....+ . #.......#
#.....# .. #.......# ##.#+#. ..$
#.......# #.#.#. ..". #....†..#
#.#..† ..... #......?# #.#...
......#[......# #.....
.......J...K..#################.
...........J...@...............>
####....+#######...############.
#....+ #...# #. ## #...[# #...#
####. .# #....# ##### #.... #.#
#....# #.... .. ....## #.).. .#
#.... .# #....


You could see an endoplasm and a kobold.

Vanquished Creatures
  A dart slug (D:1)
  4 endoplasms (D:1)
  A goblin (D:1)
  4 kobolds (D:1)
  2 quokkas (D:1)
  3 ball pythons (D:1)
  2 bats (D:1)
  2 frilled lizards (D:1)
  3 rats (D:1)
22 creatures vanquished.

Notes
Turn   | Place    | Note
-------+----------+-------------------------------------------
     0 | D:1      | Descartes the Felid Monk began the quest for the Orb.
     0 | D:1      | Reached XP level 1. HP: 10/10 MP: 2/2
   172 | D:1      | Reached XP level 2. HP: 7/14 MP: 3/3
   844 | D:1      | Hit by a stone thrown by a kobold

Illustrated notes

Levels and vault maps discovered:
D:1:      sevenhm_arrival_forest_fort_small_3, layout_basic,
          basic_ecumenical_altar, minmay_misc_feat_diagonals

Action                   || total
-------------------------++-------
Melee: Unarmed           ||    47
       Bite              ||     4
 Stab: Sleeping          ||     5
Armor: Skin              ||     4
Dodge: Dodged            ||    36
